 Dungeon Crawl Stone Soup version 0.18-a0-1285-g60d00e1 (webtiles) character file.

58 M4edhros the Charlatan (level 4, -2/28 HPs)
             Began as an Octopode Artificer on Feb 8, 2016.
             Slain by a kobold (3 damage)
             ... on level 3 of the Dungeon.
             The game lasted 00:01:19 (1365 turns).

M4edhros the Charlatan (Octopode Artificer)         Turns: 1365, Time: 00:01:19

Health: -2/28      AC:  1    Str:  9 (10) XL:     4   Next: 1%
Magic:  6/6        EV: 12    Int: 14 (15) God:
Gold:   104        SH:  0    Dex: 10 (12) Spells: 0 memorised, 3 levels left

rFire  . . .     SeeInvis .     a - +0 short sword
rCold  . . .     Gourm    .     (no shield)
rNeg   . . .     Faith    .     (helmet restricted)
rPois  .         Spirit   .     (no amulet)
rElec  .         Dismiss  .     (no ring)
rCorr  .         Reflect  .     (no ring)
SustAt .         Harm     .     (no ring)
MR     .....                    (no ring)
Stlth  +++.......               (no ring)
                                (no ring)
                                (no ring)
                                (no ring)

@: not resistant to hostile enchantments, fairly stealthy
A: almost no armour, amphibious, 8 rings, constrict 8, camouflage 1, gelatinous
body 1
a: no special abilities


You were on level 3 of the Dungeon.
You were very hungry.

You visited 1 branch of the dungeon, and saw 3 of its levels.

You collected 104 gold pieces.

Inventory:

Hand Weapons
 a - a +0 short sword (weapon)
Wands
 b - a wand of flame (13/48)
 c - a wand of enslavement (14/24)
 d - a wand of random effects (15/48)
Scrolls
 g - a scroll of teleportation {unknown}
 j - a scroll of blinking {unknown}
 k - a scroll of magic mapping {unknown}
Comestibles
 f - a bread ration
 h - a slice of pizza
 i - a meat ration


   Skills:
 - Level 1.0 Fighting
 - Level 1.0 Short Blades
 * Level 2.9 Dodging
 * Level 3.3 Stealth
 + Level 3.9 Evocations


You had 3 spell levels left.
You didn't know any spells.

Dungeon Overview and Level Annotations

Branches:
Dungeon (3/15)

Altars:


Innate Abilities, Weirdness & Mutations

You cannot wear most types of armour.
You are amphibious.
You can wear up to eight rings at the same time.
You can use your tentacles to constrict eight enemies at once.
Your skin changes colour to match your surroundings (Stealth).
Your rubbery body absorbs attacks (AC +1).


Message History

You are too injured to fight recklessly!
You are too injured to fight recklessly!
The kobold shouts!
A kobold comes into view. It is wielding a short sword.
You see here a ball python corpse.
You butcher the ball python corpse.
Things that are here:
a chunk of flesh; a ball python skeleton You closely miss the kobold.
The kobold shouts!
Your grab misses the kobold. The kobold closely misses you.
You hit the kobold. Your grab misses the kobold.
The kobold is severely wounded.
The kobold hits you.
* * * LOW HITPOINT WARNING * * *
You hit the kobold but do no damage. Your grab misses the kobold.
Your squeeze misses the kobold.
The kobold is severely wounded.
The kobold hits you.
You die...

......# ##..
...........[# #...
#...........#
####...
#....$.......
#...gK.
...........#...##g##
#....K.....### #.#
##.........######.#
#.............†.#.#
#..@K......####...#
#........).# ##..#
#.....†....# ####
#.....†....#
##).......##
##......## ########


You could see 2 kobolds.

Vanquished Creatures
  A gnoll (D:2)
  An adder (D:2)
  2 worms (D:2)
  A giant gecko (D:1)
  2 ball pythons
  5 bats
  2 giant cockroaches (D:2)
  4 goblins
  4 hobgoblins
  2 jackals (D:1)
  3 giant newts
  2 kobolds
  4 rats
33 creatures vanquished.

Vanquished Creatures (others)
  A gnoll (D:3)
1 creature vanquished.

Grand Total: 34 creatures vanquished

Notes
Turn   | Place    | Note
--------------------------------------------------------------
     0 | D:1      | M4edhros the Octopode Artificer began the quest for the Orb.
     0 | D:1      | Reached XP level 1. HP: 13/13 MP: 3/3
   139 | D:1      | Reached XP level 2. HP: 15/18 MP: 4/4
   553 | D:2      | Reached XP level 3. HP: 11/23 MP: 5/5
  1328 | D:3      | HP: 1/23 [goblin/club (1)]
  1350 | D:3      | Reached XP level 4. HP: 3/28 MP: 6/6
  1364 | D:3      | HP: 1/28 [kobold (3)]
  1365 | D:3      | Slain by a kobold

Vault maps used:
D:1:      minmay_arrival_stone_box, hex_medium, minivault_23, hex_intersection
D:3:      cheibriados_altar_1, grunt_pakellas_basics, first_bread,
          goddamned_bats

Action                   |  1- 3 |  4- 6 || total
-------------------------+-------+-------++-------
Melee: Short sword       |    78 |     3 ||    81
Evoke: Wand              |     2 |     1 ||     3
  Use: Potion            |     2 |       ||     2
 Stab: Sleeping          |     9 |       ||     9
